 Dungeon Crawl Stone Soup version 0.30-a0-4-ga7cffc9 (webtiles) character file.

Game seed: 7920198380385174547

(classic levelgen) 511 alexa the Covered (level 6, -2/57 HPs)
             Began as a Minotaur Fighter on May 17, 2019.
             Slain by a gnoll
             ... wielding a +0 spear
             ... led by a gnoll bouda
              (6 damage)
             ... on level 4 of the Dungeon on Aug 21, 2022.
             The game lasted 00:10:01 (2764 turns).

alexa the Covered (Minotaur Fighter)                Turns: 2764, Time: 00:10:03

Health: -2/57      AC: 10    Str: 23    XL:     6   Next: 99%
Magic:  5/5        EV:  8    Int:  5    God:
Gold:   137        SH:  8    Dex:  9    Spells: 5/5 levels left

rFire   . . .      SeeInvis .    a - +0 war axe
rCold   . . .      Faith    .    c - +0 kite shield
rNeg    . . .      Spirit   .    o - +3 scale mail
rPois   .          Reflect  .    (helmet restricted)
rElec   .          Harm     .    (no cloak)
rCorr   .          Rampage  .    (no gloves)
Will    .....                    (no boots)
Stlth   ..........               (no amulet)
HPRegen 0.19/turn                (no ring)
MPRegen 0.09/turn                (no ring)

@: lethally poisoned (-2 -> -7), attractive
A: horns 2, retaliatory headbutt
a: no special abilities


You were on level 4 of the Dungeon.
You visited 1 branch of the dungeon, and saw 4 of its levels.

You collected 137 gold pieces.

Inventory:

Hand Weapons
 a - a +0 war axe (weapon)
Armour
 c - a +0 kite shield (worn)
 o - a +3 scale mail (worn)
Jewellery
 h - an amulet of faith
 r - a +6 ring of dexterity
 s - a ring of protection from cold
Wands
 u - a wand of roots (6)
Scrolls
 b - 3 scrolls of teleportation {unknown}
 e - a scroll of removedness
 g - 2 scrolls of magic mapping
 k - a scroll of removedness
 m - a scroll of identify
 n - a scroll of acquirement {unknown}
 p - a scroll of silence {unknown}
 t - a scroll of vulnerability {unknown}
Potions
 d - a potion of might
 j - a potion of invisibility {unknown}
 l - a potion of cancellation {unknown}
 q - 2 potions of mutation {unknown}
Comestibles
 f - a removed food


   Skills:
 + Level 5.6 Fighting
 + Level 4.9 Axes
 + Level 5.7 Armour
 + Level 5.6 Shields


You had 5 spell levels left.
You didn't know any spells.
Your spell library was empty.

Dungeon Overview and Level Annotations

Branches:
Dungeon (4/15)
 Temple: D:4-7

Altars:
Ashenzari
Makhleb
Okawaru
Uskayaw
Zin

Shops:
D:3 [(=

Annotations:
D:3 1 runed translucent door, ultrashaft's ghost, weakling FeSu


Innate Abilities, Weirdness & Mutations

You have a pair of horns on your head.
You reflexively headbutt those who attack you in melee.


Message History

The gnoll hits you from afar with a +0 spear.
* * * LOW HITPOINT WARNING * * *
You closely miss the gnoll bouda.
The gnoll bouda is severely wounded.
You closely miss the scorpion.
The scorpion stings you but does no damage.
The gnoll bouda hits you with a +0 club.
* * * LOW HITPOINT WARNING * * *
The gnoll closely misses you.
The scorpion stings you but does no damage.
You closely miss the gnoll bouda.
The gnoll bouda is severely wounded.
You closely miss the scorpion. The scorpion stings you.
* * * LOW HITPOINT WARNING * * *
You block the gnoll bouda's attack. The gnoll barely misses you.
The gnoll bouda hits you but does no damage.
The scorpion closely misses you. You block the gnoll's attack.
You slash the gnoll bouda!
You kill the gnoll bouda!
You closely miss the scorpion. You block the scorpion's attack.
The gnoll hits you but does no damage.
The scorpion stings you but does no damage.
The gnoll closely misses you.
Things that are here:
a +0 club; a +0 robe; a gnoll corpse You closely miss the scorpion.
The scorpion is heavily wounded.
The scorpion stings you.
* * * LOW HITPOINT WARNING * * *
You are lethally poisoned!
The scorpion poisons you! The gnoll barely misses you.
You block the scorpion's attack.
It was a potion of attraction.
You feel attractive to monsters.
* * * LOW HITPOINT WARNING * * *
You feel sick.
The gnoll is no longer moving quickly.
The scorpion barely misses you. You furiously retaliate!
You headbutt the scorpion.
The gnoll hits you from afar with a +0 spear.
You die...

#.._ #....# #.
#.#. #.##.# #.
#..######.##.###
#
#?............#
##..####^####.#
#..# .... ..
#.)# ......# ..
#..#.......# ##.
#.@s..._...^.
#..#g?.....#.#
#..#.......#.#
#..# ..... #..#
##^## #... ...
#... ## ####


You could see a scorpion and a gnoll.

Vanquished Creatures
  Sigmund (D:4)
  A scorpion (D:3)
  A gnoll bouda (D:4)
  An iguana (D:4)
  An orc wizard (D:3)
  9 gnolls
  7 adders
  2 worms
  A dart slug (D:1)
  9 orcs (D:3)
  3 ball pythons
  An endoplasm (D:2)
  A ghost (D:1)
  3 giant cockroaches
  4 goblins
  2 hobgoblins
  7 kobolds
  2 quokkas (D:2)
  5 bats
  A rat (D:1)
62 creatures vanquished.

Vanquished Creatures (others)
  8 plants (D:1)
  2 withered plants (D:3)
10 creatures vanquished.

Grand Total: 72 creatures vanquished

Notes
Turn   | Place    | Note
-------+----------+-------------------------------------------
     0 | D:1      | alexa the Minotaur Fighter began the quest for the Orb.
     0 | D:1      | Reached XP level 1. HP: 19/19 MP: 0/0
     4 | D:1      | Upgraded the game from 0.24-a0-333-g864f2b5 to
                  | 0.30-a0-4-ga7cffc9
   186 | D:1      | Reached XP level 2. HP: 27/27 MP: 1/1
   741 | D:2      | Found a faded altar of an unknown god.
   742 | D:2      | Noticed a great orb of eyes
   745 | D:2      | Noticed a shining eye
   745 | D:2      | Noticed a floating eye
   745 | D:2      | Noticed a floating eye
   776 | D:2      | Reached XP level 3. HP: 32/33 MP: 2/2
  1331 | D:3      | Found a broken altar of Ashenzari.
  1336 | D:3      | Found Ton Xuum's Jewellery Boutique.
  1344 | D:3      | Noticed a scorpion
  1356 | D:3      | Killed a scorpion
  1357 | D:3      | Reached XP level 4. HP: 25/41 MP: 3/3
  1368 | D:2      | Reached XP level 5. HP: 15/47 MP: 4/4
  1602 | D:3      | Found Gaerr's Weapon Boutique.
  1730 | D:3      | Reached skill level 5 in Armour
  1730 | D:3      | Found a runed translucent door.
  1730 | D:3      | Noticed ultrashaft's ghost (weakling FeSu)
  1805 | D:3      | Reached skill level 5 in Fighting
  1805 | D:3      | Reached skill level 5 in Shields
  1981 | D:3      | Reached XP level 6. HP: 25/56 MP: 5/5
  2263 | D:3      | Found Abroq's Armour Shoppe.
  2532 | D:4      | Noticed Sigmund
  2551 | D:4      | Killed Sigmund
  2708 | D:4      | Found a burning altar of Makhleb.
  2709 | D:4      | Found a hide-covered altar of Uskayaw.
  2738 | D:4      | Found an iron altar of Okawaru.
  2745 | D:4      | Found a glowing silver altar of Zin.
  2764 | D:4      | Slain by a gnoll

Illustrated notes

Levels and vault maps discovered:
D:1:      shiori_arrival_maze, layout_rooms, serial_bayou_lagoon_a,
          hangedman_abyss_or_decor_stabs
D:2:      layout_basic, hellmonk_ecumenical_altar_watching_god
D:3:      layout_loops_cross, cheibrodos_ashenzari_chains, serial_shops, shop,
          nicolae_shop_hallway_plus, shop, gammafunk_ghost_grave,
          nrook_mini_vaults
D:4:      layout_rooms, lemuel_tele_altar, lemuel_crystal_altar,
          chequers_temple_overflow_statue_of_worship, uniq_sigmund

Skill      XL: |  1  2  3  4  5 |
---------------+----------------+-----
Armour         | 4 5 |  5.7
Fighting       | 4 5 |  5.6
Axes           | 3 4 |  4.9
Shields        | 4 5 |  5.6

Action                   |  1- 3 |  4- 6 || total
-------------------------+-------+-------++-------
Melee: War axe           |    79 |   102 ||   181
       Headbutt          |    10 |    16 ||    26
  Use: Scroll            |     2 |       ||     2
       Potion            |     1 |     3 ||     4
Armor: Scale mail        |    40 |    42 ||    82
Dodge: Dodged            |    30 |    59 ||    89
Block: Kite shield       |    38 |    64 ||   102

Table legend: (Time is in decaauts)
 A = Elapsed time spent in this place.
 B = Non-inter-level travel time spent in this place.
 C = Inter-level travel time spent in this place.
 D = Time resting spent in this place.
 E = Time spent auto-exploring this place.
 F = Levels seen in this place.
 G = Mean time per level.
                   A        B        C        D        E       F      G
               +--------+--------+--------+--------+--------+-----+--------+
         Total |   2875 |   2807 |     68 |    379 |   1805 |   4 |  718.8 |
       Dungeon |   2875 |   2807 |     68 |    379 |   1805 |   4 |  718.8 |
               +--------+--------+--------+--------+--------+-----+--------+

Top non-repeatable levels by time:
     D:3: 1009 daAuts
     D:2: 910 daAuts
     D:1: 692 daAuts
     D:4: 258 daAuts
Note: time per level data comes from an upgraded game and may be incomplete.
